Cogmind - Beta 14 @@@ ROGUE MODE // 2024.09.15 @ 19:27:19 Player: daxter767676 Result: Destroyed by as-75095 with Assembled Blade Performance ------------- Evolutions (0) 0 Regions Visited (2) 400 Robots Destroyed (15) 75 Value Destroyed (377) 377 Prototype IDs (0) 0 Alien Tech Used (0) 0 Bonus (0) 0 TOTAL SCORE: 852 Bonus ------- None Cogmind --------- Core Integrity 0/250 Matter 300/300 Energy 248/250 System Corruption 0% Temperature Cool (1) Movement Core (300) Ox5 Location -10/Mines Parts ------- > --- POWER (1) -------- Ion Engine > --- PROPULSION (2) --- (None) > --- UTILITY (2) ------ Improved Heat Sink Medium Storage Unit > --- WEAPON (2) ------- Light Assault Rifle Light Assault Rifle > --- INVENTORY (10) --- Ion Engine Light Nuclear Core Light Treads Aluminum Leg Wheel Wheel Improved Heat Sink Beam Cannon Datajack Mining Laser Peak State ------------ > --- POWER ------------ Ion Engine > --- PROPULSION ------- Aluminum Leg Aluminum Leg > --- UTILITY ---------- Improved Heat Sink Medium Storage Unit > --- WEAPON ----------- Light Assault Rifle Light Assault Rifle > --- INVENTORY -------- Ion Engine Ion Engine Light Treads Light Treads Aluminum Leg Wheel Wheel Compact Wheel Light Assault Rifle Mining Laser [Rating: 10] Favorites ----------- Power Ion Engine Engine Ion Engine Propulsion Aluminum Leg Leg Aluminum Leg Utility Improved Heat Sink Device Improved Heat Sink Storage Medium Storage Unit Weapon Light Assault Rifle Energy Gun Medium Laser Ballistic Gun Light Assault Rifle Special Melee Weapon Datajack Build | -11 -10 -10 ------- Run | Yrd Mat Min Slots Evolved . | . . . Power . | . . . Propulsion . | . . . Utility . | . . . Weapon . | . . . Parts Attached 13 | . 13 . Power 1 | . 1 . Engine 1 | . 1 . Core . | . . . Reactor . | . . . Propulsion 5 | . 5 . Treads . | . . . Leg 5 | . 5 . Wheel . | . . . Hover . | . . . Flight . | . . . Utility 2 | . 2 . Device 1 | . 1 . Storage 1 | . 1 . Processor . | . . . Hackware . | . . . Protection . | . . . Artifact . | . . . Weapon 5 | . 5 . Energy Gun . | . . . Energy Cannon . | . . . Ballistic Gun 4 | . 4 . Ballistic Cannon . | . . . Launcher . | . . . Special Weapon . | . . . Impact Weapon . | . . . Slashing Weapon . | . . . Piercing Weapon . | . . . Special Melee Weapon 1 | . 1 . Unidentified Prototypes . | . . . Parts Lost 6 | . 4 2 Power 1 | . 1 . Propulsion 3 | . 1 2 Utility . | . . . Weapon 2 | . 2 . Highest Loss Streak 2 | . 2 2 To Critical Strikes 2 | . 2 . Average Slot Usage (%) 94 | . 94 100 Engine 13 | . 13 14 Leg 27 | . 27 28 Device 12 | . 12 14 Storage 14 | . 14 14 Energy Gun 4 | . 4 . Ballistic Gun 16 | . 16 28 Special Melee Weapon 3 | . 3 . Peak Build Rating 10 | . 10 10 Average Rating 9 | . 9 9 On Entrance 7 | 6 6 10 Naked Turns . | . . . Heaviest Build 19 | 14 19 18 Greatest Support 20 | 20 20 20 Greatest Overweight (x) 1 | . 1 1 Average Overweight (x) . | . . . Largest Inventory Capacity 10 | . 10 10 Average Capacity 9 | . 9 10 Most Carried 10 | . 10 10 Average Carried 9 | . 9 10 Final Capacity 10 | 8 10 10 Final Carried 10 | 6 10 10 Class Distribution -------------------- 71% | Mutant 28% | Scavenger-Mutant Dominant Class ---------------- Mutant | -10/Materials Mutant | -10/Mines Resources | -11 -10 -10 ----------- Run | Yrd Mat Min Matter Collected 425 | 200 225 . Remotely . | . . . Salvage Created 477 | . 477 . Parts 31 | . 31 . Haulers Intercepted . | . . . Recyclers Shooed 1 | . 1 . Parts Field Recycled . | . . . Retrieved Matter . | . . . Parts Self-Destructed . | . . . Prevented . | . . . Kills | -11 -10 -10 ------- Run | Yrd Mat Min Combat Hostiles Destroyed 14 | . 14 . Guns 14 | . 14 . Classes Destroyed 3 | . 3 . Recycler 1 | . 1 . Swarmer 6 | . 6 . Grunt 8 | . 8 . Best Kill Streak 4 | . 4 . Combat Bots Only 3 | . 3 . Max Kills in Single Turn 1 | . 1 . Gunslinging . | . . . Exploded . | . . . Melee . | . . . Uniques/NPCs Destroyed . | . . . Combat | -11 -10 -10 -------- Run | Yrd Mat Min Hostile Shots Fired 113 | . 99 14 Missed 25 | . 23 2 Damage Taken 1140 | . 852 288 Core 259 | . 187 72 Absorbed by Shields . | . . . Core Remaining (%) 100 | 100 . . Volleys Fired 69 | . 69 . Largest 2 | . 2 . Hottest 70 | . 70 . Shots Fired 110 | . 110 . Gun 110 | . 110 . Cannon . | . . . Launcher . | . . . Special . | . . . Kinetic 65 | . 65 . Thermal 45 | . 45 . Explosive . | . . . Electromagnetic . | . . . Robot Hit Streak 9 | . 9 . Robot Miss Streak 4 | . 4 . Penetration Max . | . . . Secondary Targets 2 | . 2 . Max Gunslinging Chain 1 | . 1 . Shots Hit Robots 72 | . 72 . Core Hits 32 | . 32 . Critical Kills . | . . . Critical Parts Destroyed . | . . . Critical Strikes . | . . . Melee Attacks 7 | . 7 . Impact . | . . . Slashing . | . . . Piercing . | . . . Sneak Attacks 3 | . 3 . Combat Hostiles . | . . . Follow-up Attacks . | . . . Damage Inflicted 734 | . 734 . Guns 734 | . 734 . Cannons . | . . . Explosions . | . . . Melee . | . . . Ramming . | . . . Kinetic 425 | . 425 . Thermal 309 | . 309 . Explosive . | . . . Electromagnetic . | . . . Impact . | . . . Slashing . | . . . Piercing . | . . . Highest Corruption . | . . . Average Corruption . | . . . Corruption Purged . | . . . Corruption Blocked . | . . . Overload Shots . | . . . Overflow Damage . | . . . Projectiles . | . . . Explosions . | . . . Melee . | . . . Knockbacks . | . . . Impact . | . . . Kinetic . | . . . Secondary . | . . . Self-Inflicted Damage . | . . . Shots . | . . . Rammed . | . . . Targets Rammed . | . . . Kicked . | . . . Crushed . | . . . Highest Temperature 256 | . 256 . Average Temperature 97 | . 97 . Received Heat Transfer 405 | . 405 . Effects 3 | . 3 . Interference 3 | . 3 . Siege Activations . | . . . Robots Corrupted . | . . . Combat Hostiles . | . . . Parts Fried . | . . . Impact Corruptions . | . . . Robots Melted . | . . . Combat Hostiles . | . . . Parts Melted 3 | . 3 . Heat Transferred 925 | . 925 . Parts Sabotaged . | . . . Parts Stolen . | . . . Parts Stripped . | . . . Power Chain Reactions . | . . . Alert | -11 -10 -10 ------- Run | Yrd Mat Min Peak Influence 174 | . 174 42 Initial 42 | . . 42 Average 54 | . 54 41 Maximum Alert Level . | . . . Low Security (%) 100 | . 100 100 Level 1 . | . . . Level 2 . | . . . Level 3 . | . . . Level 4 . | . . . Level 5 . | . . . High Security . | . . . Max Security . | . . . Squads Dispatched . | . . . Investigation . | . . . Extermination . | . . . Reinforcement . | . . . Assault . | . . . Garrison . | . . . Intercept . | . . . Searches Triggered . | . . . Construction Impeded . | . . . Haulers Reinforced . | . . . Active Scanning Responses . | . . . Cargo Convoy Interrupts . | . . . Stealth | -11 -10 -10 --------- Run | Yrd Mat Min Distress Signals 2 | . 2 . Communications Jammed . | . . . Distress Signals . | . . . Times Spotted 57 | . 43 14 Peak Tracking Total 16 | . 4 16 Tactical Retreats 2 | . 1 1 Traps | -11 -10 -10 ------- Run | Yrd Mat Min Traps Triggered . | . . . Indirectly . | . . . Trap Hack Attempts 202 | . 202 . Triggered . | . . . Disarmed 8 | . 8 . Reprogrammed 9 | . 9 . Reused 3 | . 3 . Traps Extracted . | . . . Installed . | . . . Triggered 3 | . 3 . Machines | -11 -10 -10 ---------- Run | Yrd Mat Min Machines Disabled . | . . . Max in Single Turn . | . . . Machines Repaired . | . . . Machines Dismantled . | . . . Machines Sabotaged . | . . . Overloaded Fab Kills . | . . . Hacking | -11 -10 -10 --------- Run | Yrd Mat Min Machines Accessed 8 | . 8 . Terminals 8 | . 8 . Fabricators . | . . . Repair Stations . | . . . Recycling Units . | . . . Scanalyzers . | . . . Garrison Access . | . . . Total Hacks 17 | . 17 . Successful 10 | . 10 . Failed 7 | . 7 . Catastrophic 1 | . 1 . Database Lockouts . | . . . Manual 12 | . 12 . Terminals 17 | . 17 . Fabricators . | . . . Repair Stations . | . . . Recycling Units . | . . . Scanalyzers . | . . . Garrison Access . | . . . Terminal Hacks 2 | . 2 . Alert Level 1 | . 1 . Zone Layout 1 | . 1 . Fabricator Hacks . | . . . Repair Station Hacks . | . . . Recycling Unit Hacks . | . . . Scanalyzer . | . . . Garrison Access Hacks . | . . . Unauthorized Hacks 7 | . 7 . Terminals 7 | . 7 . Track 2 | . 2 . Skim 5 | . 5 . Fabricators . | . . . Repair Stations . | . . . Recycling Units . | . . . Scanalyzers . | . . . Garrison Access . | . . . Data Cores Recovered . | . . . Used . | . . . Hacking Detections 4 | . 4 . Full Trace Events 1 | . 1 . Feedback Events . | . . . Feedback Blocked . | . . . Robot Schematics Acquired . | . . . Robots Built . | . . . Authchips . | . . . Time . | . . . Total Robot Build Rating . | . . . Part Schematics Acquired . | . . . Parts Built . | . . . Authchips . | . . . Time . | . . . Total Part Build Rating . | . . . Parts Repaired . | . . . Time . | . . . Parts Recycled . | . . . Recycled Matter . | . . . Retrieved Matter . | . . . Retrieved Components . | . . . Parts Scanalyzed . | . . . Part Schematics Acquired . | . . . Parts Damaged . | . . . Bothacking | -11 -10 -10 ------------ Run | Yrd Mat Min Used RIF Installer . | . . . Robots Hacked 3 | . 3 . Non-combat 3 | . 3 . Combat . | . . . Robot Hacks Applied 3 | . 3 . parse_system 3 | . 3 . Relay Couplers Released . | . . . Fabnet Peak Effective % . | . . . Robots Rewired . | . . . Allies Hacked . | . . . Hacks Repelled . | . . . Allies | -11 -10 -10 -------- Run | Yrd Mat Min Total Allies . | . . . Largest Group . | . . . Highest-Rated Group . | . . . Highest-Rated Ally . | . . . Total Orders . | . . . Ally Attacks . | . . . Total Damage . | . . . Kills . | . . . Allies Corrupted . | . . . Allies Melted . | . . . Intel | -11 -10 -10 ------- Run | Yrd Mat Min Robot Analysis Total . | . . . Derelict Logs Recovered . | . . . Drone Launches . | . . . Drone Recoveries . | . . . Exploration | -11 -10 -10 ------------- Run | Yrd Mat Min Turns Passed 2534 | . 2487 47 Spaces Moved 1646 | 1 1607 38 Core . | . . . Treads . | . . . Legs 1646 | 1 1607 38 Wheels . | . . . Hover . | . . . Flight . | . . . Fastest Speed 120 | 120 120 120 Average Speed 120 | 120 120 123 Slowest Speed 190 | 120 190 190 Overloaded Moves . | . . . Propulsion Burnouts . | . . . Robots Hopped . | . . . Cave-ins Triggered . | . . . Exploration Rate (%) 38 | 2 98 16 Regions Visited 2 Branch Regions 1 Pre-discovered Areas 1 | . . 1 Known Exits Taken . | . . . Unknown Exits Taken 2 | 1 1 . Scrap Searched . | . . . Spaces Dug . | . . . Terrain Destroyed . | . . . Melee . | . . . Projectile . | . . . AOE . | . . . Terrain Rammed . | . . . Walls Destroyed . | . . . Machines Disabled . | . . . Actions | -11 -10 -10 --------- Run | Yrd Mat Min Total 2095 | . 2056 39 Wait 146 | . 145 1 Move 1644 | . 1606 38 Hop . | . . . Pick Up 6 | . 6 . Fast Attach 5 | . 5 . Attach 1 | . 1 . Detach . | . . . Swap 7 | . 7 . Drop 8 | . 8 . Fire 69 | . 69 . Melee 7 | . 7 . Ram . | . . . Kick . | . . . Crush . | . . . Escape Stasis . | . . . Rewire . | . . . Trap 202 | . 202 . Miscellaneous . | . . . Route ------- -11/Scrapyard -10/Materials (discovered 4 exits: [*Mat x3] / [*Min]) -10/Mines History --------- Turn | Location | Event 1 | -11/Scrapyard | Discovered new exit (range 0) 1 | -11/Scrapyard | Entered Materials 178 | -10/Materials | Core integrity fell below 50% 279 | -10/Materials | Discovered new exit (range 16) 309 | -10/Materials | Build established: Mutant 331 | -10/Materials | Discovered new exit (range 16) 478 | -10/Materials | Discovered new exit (range 16) 822 | -10/Materials | Learned location of 1 exit from Storage 830 | -10/Materials | Discovered new exit (range 15) 869 | -10/Materials | Loaded intel: 17 trap records 905 | -10/Materials | Learned 4 Subcaves zone layouts 949 | -10/Materials | Learned Storage trap positions 977 | -10/Materials | Learned 2 Storage zone layouts 1009 | -10/Materials | Build established: Scavenger-Mutant 1736 | -10/Materials | Build established: Mutant 2488 | -10/Materials | Entered Mines 2489 | -10/Mines | Learned location of Storage (-8) 2489 | -10/Mines | Assembled infested the area 2494 | -10/Mines | Assisted by a Guerilla fighting off Assembled 2517 | -10/Mines | Core integrity fell below 20% 2535 | -10/Mines | Destroyed by as-75095 with Assembled Blade Last Messages --------------- Storage failed. Whatever you do stay away from that place, they've tightened security following our previous successful raids." World map updated: -8/Storage. 02489_ ALERT: Infestation in the mines, dispatching Demolisher response squad. 02491_ YK-UFZ(g): "We scattered so the Unaware couldn't effectively use their advantage in numbers, and I suggest you do the same." 02491_ YK-UFZ(g) slips back into the shadows. 02494_ A derelict emerges from the shadows: "You need to get out of here! I've been tracking a group of Assembled to figure out where they're coming from, and they're closing on this area, come on!" 02501_ 14-WD9(h): "I'll hold them off! Go on ahead or try to find another way!" 02533_ Aluminum Leg destroyed. 02535_ as-01825 destroyed. 02535_ Aluminum Leg destroyed. Map ----- +----------------------------------------------------+ | | | | | | | | | | | | | | | | | | | | | | | | | | | | | | | | | | | | | | | ????????????????###??????????????????????????????? | | ???????????????## #????????????????????????????? | | ???????????????# #??????????????????????????? | | ??????????????## ###???????????????????????? | | ??????????##### % #???????????????????????? | | ?????????## d aa#######?????????????????? | | ?????????# t@ #?????????????????? | | ?????????# """ ##### ##### #?????????????????? | | ?????????# """ #????# #???????????????????????? | | ????????## """ #????# #???????????????????????? | | ???##??## """ #????# #???????????????????????? | | ??## ## ##???? ???????????????????????? | | ### ###????? ???????????????????????? | | ##??????? ???????????????????????? | | #???????? ???????????????????????? | | ######### ##???????? ???????????????????????? | | ????????### ##????????? ???????????????????????? | | ??????????# #?????????? ##???????????????????????? | | ??????????# #??????????#?????????????????????????? | | ??????????# #????????????????????????????????????? | | ##????????# #????????????????????????????????????? | | #???###### #????????????????????????????????????? | | #???# #????????????????????????????????????? | | #???# ######????????????????????????????????????? | | ###### ##????????????????????????????????????????? | | #????????????????????????????????????????? | | #?????????????????????????????????????? | | ###### ## #?????????????????????????????????????? | | ?????# #??#?????????????????????????????????????? | | ?????# #????????????????????????????????????????? | | ?????# #????????????????????????????????????????? | +----------------------------------------------------+ Best States ------------- Heat Dissipation 39 Energy Generation 10 Energy Capacity 250 Matter Stores 300 Matter Capacity 300 Sight Range 16 Terrain Scan Density 10 Evasion (%) 55 Item Schematics ----------------- None Robot Schematics ------------------ None Fabricated ------------ Nothing Alien Tech Used ----------------- None Achievements -------------- None Challenges ------------ None Game ------ Seed SalvageThermalObliterator Manual? 0 Play Time 00:24:00 Cumulative 132.5 hours Start 2024.09.15 @ 19:03:52 End 2024.09.15 @ 19:27:19 Sessions 1 Manual Loads 0 Difficulty Rogue Special Mode None Game No. 131 Rogue 129 Adventurer 2 Explorer 0 Win Type - Total 0 Types 0/0/0/0/0/0/0/0/0 Lore% 59 Gallery% 59 Achievement% 44 Wizard Run 0 Options --------- Layout 2 ASCII 0 Keyboard 0 Movement Arrows Keybinds 0 Fullscreen 1 Font 16/SmallcapsGlow Map View 50x49 Zoom Use 0% Tactical HUD 1 Map Filters NONE Filters NONE Steam SD RUN: 3f75c6dc-753f-4a14-b92b-6291d8d3748b